 Dungeon Crawl Stone Soup version 0.16-a0-3049-g2a447e9 (webtiles) character file.

1247 DEFE the Slasher (level 8, -7/54 HPs)
             Began as a High Elf Skald on Dec 9, 2014.
             Killed by divine providence
             ... invoked by an orc priest
              (13 damage)
             ... on level 6 of the Dungeon.
             The game lasted 00:24:58 (9665 turns).

DEFE the Slasher (High Elf Skald)                   Turns: 9665, Time: 00:24:58

Health: -7/54      AC:  5    Str: 13    XL:     8   Next: 25%
Magic:  15/18      EV: 14    Int: 18    God:
Gold:   389        SH:  0    Dex: 15    Spells: 4 memorised, 3 levels left

rFire  . . .     SeeInvis .     a - +1 falchion
rCold  . . .     Rnd*Rage +     K - +2 robe of the Merchant {Slay+3}
rNeg   . . .     SustAb   .     (no shield)
rPois  .         Gourm    .     (no helmet)
rElec  .         Spirit   .     (no cloak)
rCorr  .         Warding  .     (no gloves)
rMut   .         Stasis   .     l - +0 pair of boots
MR     .....                    (no amulet)
Stlth  +.........               (no ring)
                                i - +2 ring of intelligence

@: not resistant to hostile enchantments, very unstealthy
A: berserk 1, blink 1, slow healing 1
a: Blink


You were on level 6 of the Dungeon.
You were not hungry.

You visited 1 branch of the dungeon, and saw 6 of its levels.

You collected 389 gold pieces.

Inventory:

Hand weapons
 a - a +1 falchion (weapon)
 e - a +0 shortbow
 j - a +0 club
 k - a +2 dagger of protection
 q - a +0 great sword
 u - a +0 blowgun
 w - a +1 short sword of freezing
Missiles
 f - 15 arrows
 n - 29 poisoned needles
Armour
 b - a +0 leather armour
 h - a +0 shield
 l - a +0 pair of boots (worn)
 p - a +0 buckler
 t - a +0 ring mail
 K - the +2 robe of the Merchant (worn) {Slay+3}
   (You found it on level 6 of the Dungeon)

   It affects your accuracy and damage with ranged weapons and melee attacks
   (+3).
Jewellery
 i - a +2 ring of intelligence (left hand)
 y - an uncursed ring of positive energy
Magical devices
 F - a wand of fire (15)
Scrolls
 g - a scroll of immolation {unknown}
 m - a scroll of enchant weapon
 o - 4 scrolls of remove curse
 C - a scroll of magic mapping
 E - a scroll of summoning {unknown}
 G - a scroll of random uselessness {unknown}
 H - a scroll of teleportation {unknown}
 I - a scroll of torment {unknown}
 L - a scroll of noise {unknown}
 M - a scroll of enchant armour {unknown}
Potions
 x - a potion of degeneration
 z - 3 potions of might
 B - a potion of brilliance
 D - a potion of mutation
 J - a potion of poison
Books
 c - a book of Battle

   Spells                             Type                      Level
   a - Infusion                       Charms                       1
   b - Shroud of Golubria             Charms/Translocation         2
   c - Song of Slaying                Charms                       2
   d - Spectral Weapon                Hexes/Charms                 3
   e - Regeneration                   Charms/Necromancy            3
 v - a book of Geomancy

   Spells                             Type                      Level
   a - Sandblast                      Earth                        1
   b - Stoneskin                      Transmutation/Earth          2
   c - Passwall                       Transmutation/Earth          3
   d - Stone Arrow                    Conjuration/Earth            3
   e - Petrify                        Transmutation/Earth          4
   f - Lee's Rapid Deconstruction     Earth                        5
Comestibles
 d - 3 bread rations
 r - a meat ration


   Skills:
 + Level 4.7 Fighting
 * Level 7.9 Long Blades
 + Level 4.1 Armour
 + Level 4.7 Dodging
 - Level 2.4 Spellcasting
 - Level 3.6 Charms


You had 3 spell levels left.
You knew the following spells:

 Your Spells              Type           Power        Failure   Level  Hunger
a - Infusion              Chrm           ###...       4%          1    #......
b - Song of Slaying       Chrm           ###.....     8%          2    ##.....
c - Shroud of Golubria    Chrm/Tloc      #.........   14%         2    ##.....
d - Regeneration          Chrm/Necr      #.........   30%         3    ###....


Dungeon Overview and Level Annotations

Branches:
Dungeon (6/15)
 Temple: D:4-7

Altars:
Cheibriados
Dithmenos
Elyvilon
Fedhas
Kikubaaqudgha
Nemelex Xobeh
Okawaru
Qazlal
Ru
Trog
Vehumet
Yredelemnul
The Shining One

Shops:
D:5 =

Annotations:
D:4 Kemay's ghost, average DrTm


Innate Abilities, Weirdness & Mutations

You tend to lose your temper in combat.
You can translocate small distances at will.
You heal slowly when monsters are visible.


Message History

Read which item? (? for menu, Esc to quit)
As you read the scroll labeled TIOWKE COSKESH, it crumbles to dust.
Forget which spell ([?*] list [ESC] exit)?
Forget which spell ([?*] list [ESC] exit)?
Forget which spell ([?*] list [ESC] exit)?
Okay, then.
It was a scroll of amnesia.
The orc closely misses you. The orc closely misses you.
You are no longer magically infusing your attacks.
The orc priest looks braver.
Read which item? (? for menu, Esc to quit)
As you read the scroll labeled CLOLID BEILYURPH, it crumbles to dust.
It is a scroll of recharging.
Charge which item? (? for menu, Esc to quit)
Your wand of fire glows for a moment.
The orc closely misses you.
The orc warrior hits you with a battleaxe!
* * * LOW HITPOINT WARNING * * *
The orc priest calls down the wrath of Beogh upon you.
Something smites you!
You die...

######## #......####
############.........##
##########....o@..........._...#
#..........o..o....##..........#
#.....)......o.....##....8.....#
#.....†............##..........#
#..................###._.....#..
*#...##################.......###
,...,###8#8##....................
*#,,,#_....######################
*,,,###..###########


You could see an orc warrior, an orc priest and 2 orcs.

Vanquished Creatures
  A black bear (D:6)
  A phantom (D:3)
  A sky beast (D:5)
  3 centaurs
  An ice beast (D:6)
  2 scorpions (D:6)
  2 crimson imps (D:6)
  A giant frog skeleton (D:5)
  An orc priest (D:3)
  2 iguanas
  2 orc wizards
  3 hounds
  A worker ant (D:5)
  Natasha (thrice) (D:4)
  7 adders
  4 worms
  2 oozes (D:5)
  10 orcs
  2 ball pythons
  A bat skeleton (D:6)
  10 giant cockroaches
  13 hobgoblins
  14 kobolds
  3 quokkas
  7 bats
  2 giant geckos
  4 giant newts
  9 goblins
  11 jackals
  A jackal skeleton (D:5)
  8 rats
132 creatures vanquished.

Notes
Turn   | Place    | Note
--------------------------------------------------------------
     0 | D:1      | DEFE, the High Elf Skald, began the quest for the Orb.
     0 | D:1      | Reached XP level 1. HP: 14/14 MP: 4/4
    46 | D:1      | Reached skill level 1 in Armour
   493 | D:1      | Reached XP level 2. HP: 9/19 MP: 6/6
  1623 | D:2      | Reached XP level 3. HP: 25/25 MP: 8/8
  2405 | D:2      | HP: 1/25 [worm (8)]
  3219 | D:2      | Reached XP level 4. HP: 30/30 MP: 6/11
  3284 | D:3      | Noticed a phantom
  3423 | D:3      | Found a bloodstained altar of Trog.
  3540 | D:3      | Noticed a centaur
  3544 | D:3      | HP: 1/30 [centaur/arrow (8)]
  3555 | D:3      | Killed a centaur
  3555 | D:3      | Reached skill level 4 in Long Blades
  3555 | D:3      | Reached XP level 5. HP: 15/36 MP: 12/12
  3829 | D:3      | Found a sacrificial altar of Ru.
  4284 | D:3      | Found a shadowy altar of Dithmenos.
  4354 | D:3      | Killed a phantom
  4354 | D:3      | Reached skill level 5 in Long Blades
  4354 | D:3      | Reached XP level 6. HP: 25/42 MP: 8/15
  4562 | D:3      | Learned a level 2 spell: Song of Slaying
  4565 | D:3      | Learned a level 2 spell: Shroud of Golubria
  4569 | D:3      | Learned a level 3 spell: Regeneration
  4956 | D:4      | Noticed Natasha
  4980 | D:4      | Killed Natasha
  5028 | D:4      | Noticed Kemay's ghost (average DrTm)
  6144 | D:4      | Noticed Natasha
  6154 | D:4      | Killed Natasha
  6204 | D:5      | Entered Level 5 of the Dungeon
  6204 | D:5      | Found Ubbewk's Jewellery Boutique.
  6351 | D:5      | Found a sparkling altar of Nemelex Xobeh.
  6419 | D:5      | Reached skill level 6 in Long Blades
  6419 | D:5      | Reached XP level 7. HP: 33/47 MP: 10/17
  7007 | D:5      | Gained mutation: You can translocate small distances at will. [potion of mutation]
  7007 | D:5      | Gained mutation: You heal slowly when monsters are visible. [potion of mutation]
  7007 | D:5      | Gained mutation: You tend to lose your temper in combat. [potion of mutation]
  7110 | D:4      | Noticed Natasha
  7117 | D:4      | Killed Natasha
  7267 | D:5      | Reached skill level 7 in Long Blades
  7743 | D:6      | Found an ancient bone altar of Kikubaaqudgha.
  7743 | D:6      | Found a blossoming altar of Fedhas.
  8438 | D:6      | Found a snail-covered altar of Cheibriados.
  8440 | D:6      | Found a basalt altar of Yredelemnul.
  8531 | D:6      | Found a white marble altar of Elyvilon.
  8757 | D:6      | Found a stormy altar of Qazlal.
  8759 | D:6      | Found a glowing golden altar of the Shining One.
  8767 | D:6      | Found a radiant altar of Vehumet.
  8769 | D:6      | Found an iron altar of Okawaru.
  8860 | D:6      | Reached XP level 8. HP: 8/54 MP: 6/18
  9561 | D:6      | Got a crude robe
  9573 | D:6      | Identified the +2 robe of the Merchant {Slay+3} (You found it on level 6 of the Dungeon)
  9665 | D:6      | Killed from afar by an orc priest

Action                   |  1- 3 |  4- 6 |  7- 9 || total
-------------------------+-------+-------+-------++-------
Melee: Falchion          |   163 |   266 |   184 ||   613
       Great sword       |     6 |       |       ||     6
 Fire: Shortbow          |       |    14 |       ||    14
 Cast: Infusion          |     4 |    16 |    13 ||    33
       Shroud of Golubri |       |     3 |     2 ||     5
       Song of Slaying   |       |     1 |     1 ||     2
       Regeneration      |       |       |     3 ||     3
  Use: Potion            |     2 |     7 |     3 ||    12
       Scroll            |       |     2 |     8 ||    10
 Stab: Confused          |       |     2 |       ||     2
  Eat: Chunk             |     2 |    11 |     4 ||    17
       Fruit             |     4 |       |     5 ||     9
       Pizza             |     1 |       |       ||     1
       Meat ration       |       |       |     1 ||     1
